 Dungeon Crawl Stone Soup version 0.24-a0-789-g35933f4 (webtiles) character file.

Game seed: 5629592783171775619, levelgen mode: deterministic

793 Coldstonesans the Covert (level 7, -11/46 HPs)
             Began as a Vampire Enchanter on Oct 11, 2019.
             Mangled by an ogre
             ... wielding a +0 giant club
              (24 damage)
             ... on level 5 of the Dungeon.
             The game lasted 00:15:18 (5305 turns).

Coldstonesans the Covert (Vampire Enchanter)        Turns: 5305, Time: 00:15:19

Health: -11/46     AC:  3    Str: 10      XL:     7   Next: 57%
Magic:  9/12       EV: 13    Int: 18 (20) God:
Gold:   186        SH:  0    Dex: 12 (14) Spells: 3/12 levels left

rFire    + . .     SeeInvis +   k - +0 whip (elec)
rCold    . . .     Gourm    .   (no shield)
rNeg     . . .     Faith    .   b - +0 robe
rPois    .         Spirit   .   (no helmet)
rElec    .         Reflect  .   (no cloak)
rCorr    .         Harm     .   (no gloves)
MR       .....                  u - +0 pair of boots
Stlth    ++++......             (no amulet)
HPRegen  0.35/turn              n - ring of protection from fire
MPRegen  0.13/turn              o - +3 ring of strength

@: regenerating quickly
A: no food, fangs 3, see invisible, unbreathing
a: Exsanguinate


You were on level 5 of the Dungeon.
You were alive.

You visited 1 branch of the dungeon, and saw 5 of its levels.

You collected 186 gold pieces.

Inventory:

Hand Weapons
 a - a +1 dagger
 k - a +0 whip of electrocution (weapon)
 q - a +0 dagger of flaming
Missiles
 j - 3 boomerangs (quivered)
Armour
 b - a +0 robe (worn)
 u - a +0 pair of boots (worn)
Jewellery
 n - a ring of protection from fire (left hand)
 o - a +3 ring of strength (right hand)
 r - an uncursed ring of positive energy
Wands
 p - a wand of flame (18)
Scrolls
 e - a scroll of magic mapping {unknown}
 f - 3 scrolls of identify
 g - a scroll of fog
 h - a scroll of fear
 i - 3 scrolls of teleportation
 m - a scroll of amnesia {unknown}
Potions
 c - a potion of brilliance {unknown}
 d - a potion of magic
 l - 2 potions of curing
 s - 3 potions of heal wounds
 t - 2 potions of haste {unknown}
 v - a potion of berserk rage {unknown}


   Skills:
 * Level 4.7 Short Blades
 + Level 3.9 Dodging
 * Level 8.6 Stealth
 + Level 3.4 Spellcasting
 + Level 6.5 Hexes


You had 3 spell levels left.
You knew the following spells:

 Your Spells              Type           Power        Failure   Level  Hunger
a - Corona                Hex            ####...      1%          1    N/A
b - Ensorcelled Hibernat  Hex/Ice        ##....       6%          2    N/A
c - Confuse               Hex            ####....     3%          3    N/A
d - Dazzling Spray        Conj/Hex       ##....       12%         3    N/A

Your spell library contained the following spells:

 Spells                   Type           Power        Failure   Level  Hunger
 Tukima's Dance           Hex            ####....     3%          3    N/A

Dungeon Overview and Level Annotations

Branches:
Dungeon (5/15)             Temple (0/1) D:5

Altars:

Annotations:
D:4 Pikel


Innate Abilities, Weirdness & Mutations

You do not eat.
Your natural rate of healing is unusually fast.
You have razor-sharp teeth.
You have supernaturally acute eyesight. (SInv)
You can survive without breathing.


Message History

The helpless ogre fails to defend itself.
You whack the ogre!
The ogre is moderately wounded.
The ogre hits you with a +0 giant club!!
Ouch! That really hurt!
* * * LOW HITPOINT WARNING * * *
A hound comes into view.
You see here a shimmering war axe.
Casting: Ensorcelled Hibernation (safe; 6% risk of failure)
Confirm with . or Enter, or press ? or * to list all spells.
Aiming: Confuse (safe; 3% risk of failure)
Press: ? - help, Shift-Dir - straight line, f - ogre
Aim: an ogre, wielding a +0 giant club (moderately wounded, chance to defeat MR: 55%)
The ogre appears confused.
The hound barks!
You hit the ogre but do no damage.
The ogre is moderately wounded.
The ogre hits you with a +0 giant club!!
Ouch! That really hurt!
You die...

# ###.## #.## #..#.###. #
....# ####. #.###....
##### .... ..##.#
#..#.#### ...... ..#
#.##.# #.#.## ###### #
#.# #.##.# #.#.##### ###
#.##.###.##.# #.#......
..#
#...........#####.#######
#.# ####.#h...........#
.###...O@...#####.#
#......†...........#
######.$.....#######
##.....## .......##
########


You could see an ogre (confused) and a hound.

Vanquished Creatures
  Grinder (D:5)
  3 slaves
  2 ogres (D:5)
  A gnoll sergeant (D:5)
  A bullfrog zombie (D:5)
  A hound (D:4)
  A bullfrog skeleton (D:2)
  A jelly (D:5)
  An iguana (D:5)
  An orc wizard (D:3)
  2 worker ants (D:4)
  A hound skeleton (D:5)
  5 adders
  3 gnolls (D:5)
  A howler monkey skeleton (D:5)
  A shadow imp (D:5)
  An adder zombie (D:5)
  2 worms
  3 dart slugs
  2 leopard geckos
  9 orcs
  A ball python (D:1)
  8 giant cockroaches
  10 goblins
  2 hobgoblins
  12 jackals
  8 kobolds
  3 quokkas
  5 bats
  6 frilled lizards
  12 rats
110 creatures vanquished.

Notes
Turn   | Place    | Note
-------+----------+-------------------------------------------
     0 | D:1      | Coldstonesans the Vampire Enchanter began the quest for the
                  | Orb.
     0 | D:1      | Reached XP level 1. HP: 13/13 MP: 3/3
   223 | D:1      | Reached XP level 2. HP: 19/19 MP: 5/5
   227 | D:1      | Learned a level 2 spell: Ensorcelled Hibernation
   243 | D:1      | Reached skill level 5 in Stealth
   817 | D:2      | Reached XP level 3. HP: 24/24 MP: 4/6
   934 | D:1      | Reached skill level 5 in Hexes
  1070 | D:2      | Found a faded altar of an unknown god.
  1199 | D:2      | Reached XP level 4. HP: 17/24 MP: 7/7
  1483 | D:3      | Reached skill level 6 in Stealth
  1793 | D:3      | Learned a level 3 spell: Confuse
  2368 | D:3      | Reached XP level 5. HP: 15/28 MP: 8/8
  2593 | D:3      | HP: 1/28 [bat (1)]
  3070 | D:4      | Noticed a slave
  3072 | D:4      | Noticed a slave
  3073 | D:4      | Noticed a slave
  3073 | D:4      | Noticed a slave
  3222 | D:4      | Noticed Pikel
  3370 | D:4      | Killed a slave
  3449 | D:4      | Reached skill level 7 in Stealth
  3449 | D:4      | Reached XP level 6. HP: 29/36 MP: 1/10
  3585 | D:4      | Killed a slave
  3983 | D:3      | Killed a slave
  4186 | D:5      | Entered Level 5 of the Dungeon
  4189 | D:5      | Noticed Grinder
  4201 | D:5      | Killed Grinder
  4274 | D:5      | Learned a level 3 spell: Dazzling Spray
  4386 | D:5      | Reached XP level 7. HP: 22/41 MP: 0/11
  4669 | D:5      | Reached skill level 8 in Stealth
  5179 | D:5      | Found a staircase to the Ecumenical Temple.
  5305 | D:5      | Mangled by an ogre

Levels and vault maps discovered:
D:1:      lightli_arrival_flooded_house, layout_basic
D:2:      cheibrodos_old_hovel, layout_rooms, nicolae_overflow_hidden_temple,
          chequers_ecumenical_altar_simple_redux
D:3:      layout_loops_ring, st_stairs_12
D:4:      layout_cave_pools, first_ration, chequers_serial_rivers_micro_a,
          uniq_pikel
D:5:      layout_loops_ring, minmay_temple_entry_trees, uniq_grinder

Skill      XL: |  1  2  3  4  5  6  7 |
---------------+----------------------+-----
Stealth        | 5 6 7 8 |  8.6
Hexes          | 5 6 |  6.5
Short Blades   | 2 3 4 |  4.7
Dodging        | 3 |  3.9
Spellcasting   | 3 |  3.4

Action                   |  1- 3 |  4- 6 |  7- 9 || total
-------------------------+-------+-------+-------++-------
Melee: Dagger            |   133 |     8 |       ||   141
       Bite              |     9 |    23 |     5 ||    37
       Whip              |    24 |   254 |    50 ||   328
       Unarmed           |       |    11 |       ||    11
Throw: Boomerang         |       |     5 |       ||     5
 Cast: Ensorcelled Hiber |    12 |     6 |     6 ||    24
       Confuse           |       |    16 |    11 ||    27
 Abil: Exsanguinate      |     1 |       |       ||     1
       End Transformatio |       |     2 |       ||     2
       Bat Form          |       |     2 |       ||     2
       Revivify          |       |     2 |       ||     2
  Use: Scroll            |       |     9 |       ||     9
       Potion            |       |     4 |       ||     4
 Stab: Sleeping          |    15 |    15 |     8 ||    38
       Confused          |       |     4 |     3 ||     7
Armor: Robe              |    23 |    46 |     4 ||    73
Dodge: Dodged            |    94 |   194 |    29 ||   317

Table legend:
 A = Non-vault XP
 B = Vault XP
 C = Vault XP percentage of total XP
 D = Non-vault monster count
 E = Vault monster count
 F = Vault count percentage of total count
                 A         B        C        D         E       F
            +---------+---------+-------+---------+---------+-------
      Total |     878 |     256 |  22.6 |     104 |       3 |   2.8
            +---------+---------+-------+---------+---------+-------
        D:1 |      42 |       0 |   0.0 |      24 |       0 |   0.0
        D:2 |      73 |       1 |   1.4 |      18 |       1 |   5.3
        D:3 |     149 |       1 |   0.7 |      38 |       1 |   2.6
        D:4 |     131 |       0 |   0.0 |       7 |       0 |   0.0
        D:5 |     483 |     254 |  34.5 |      17 |       1 |   5.6
            +---------+---------+-------+---------+---------+-------
